 Dungeon Crawl Stone Soup version 0.28.0-53-g5a82cb258f (webtiles) character file.

Game seed: 9979081922764545919

40925 sanboga the Brawler (level 13, -20/135 HPs)
             Began as a Troll Berserker on July 31, 2022.
             Was a High Priest of Trog.
             Demolished by a skeletal warrior
             ... wielding a +0 halberd
             ... led by a skeletal warrior
              (23 damage)
             ... on level 14 of the Dungeon.
             The game lasted 00:17:19 (12594 turns).

sanboga the Brawler (Troll Berserker)              Turns: 12594, Time: 00:17:19

Health: -20/135    AC: 19    Str: 32    XL:     13   Next: 77%
Magic:  12/12      EV:  8    Int:  3    God:    Trog [*****.]
Gold:   981        SH:  5    Dex:  9    Spells: 12/12 levels left

rFire   . . .      SeeInvis +     - Unarmed
rCold   . . .      Faith    .   (no shield)
rNeg    + . .      Spirit   .   b - +1 pearl dragon scales
rPois   .          Reflect  +   (helmet restricted)
rElec   .          Harm     .   a - +0 cloak
rCorr   .          Rampage  .   (gloves unavailable)
Will    .....                   (boots unavailable)
Stlth   ..........              w - amulet of reflection
HPRegen 1.12/turn               t - ring of see invisible
MPRegen 0.13/turn               E - ring of flight

@: on berserk cooldown, flying, slowed, very slow
A: large, unfitting armour, claws 3, regeneration 1, shaggy fur 1, tough skin 1
a: Renounce Religion, Berserk, Trog's Hand, Brothers in Arms


You were on level 14 of the Dungeon.
You worshipped Trog.
Trog was extremely pleased with you.
You visited 1 branch of the dungeon, and saw 14 of its levels.
You visited the Abyss 1 time.

You collected 981 gold pieces.

Inventory:

Hand Weapons
 j - a +1 scimitar of flaming
Armour
 a - a +0 cloak (worn)
 b - +1 pearl dragon scales (worn)
Jewellery
 d - a ring of positive energy
 k - a ring of resist corrosion
 t - a ring of see invisible (left claw)
 w - an amulet of reflection (around neck)
 E - a ring of flight (right claw)
Wands
 f - a wand of digging (2)
 h - a wand of acid (8)
 i - a wand of charming (7)
 m - a wand of flame (43)
 y - a wand of iceblast (23)
 D - a wand of polymorph (27)
Scrolls
 c - 2 scrolls of enchant armour
 e - 2 scrolls of holy word
 l - 5 scrolls of teleportation
 r - 3 scrolls of enchant weapon
 s - a scroll of summoning
 u - a scroll of fog
 v - a scroll of blinking
 A - 4 scrolls of identify
Potions
 g - a potion of haste
 n - 3 potions of heal wounds
 o - 3 potions of invisibility
 p - 2 potions of mutation
 x - a potion of resistance
 z - 5 potions of curing
 C - a potion of ambrosia


   Skills:
 + Level 10.6 Fighting
 + Level 10.2 Armour
 - Level 2.5 Dodging
 * Level 17.1 Unarmed Combat


You had 12 spell levels left.
You didn't know any spells.
Your spell library was empty.

Dungeon Overview and Level Annotations

Branches:
Dungeon (14/15)            Temple (0/1) D:5            Lair (0/6) D:11
    Orc (0/2) D:11         Vaults (0/5) D:14

Altars:
Cheibriados
Dithmenos
Makhleb
Nemelex Xobeh
Okawaru
Ru
Trog
Uskayaw
Xom
The Shining One
Lugonu

Shops:
D:11 :   D:13 *


Innate Abilities, Weirdness & Mutations

You are too large for most types of armour.
You have claws for hands.
Your natural rate of healing is unusually fast.
You are covered in fur. (AC +1)
You have tough skin. (AC +1)


Message History

You barely miss the skeletal warrior.
The skeletal warrior is moderately damaged.
You block the skeletal warrior's attack.
The skeletal warrior hits you with a +0 halberd!
The centaur warrior hits you but does no damage.
The centaur warrior barely misses you. The skeletal warrior barely misses you.
You eviscerate the centaur warrior!!!
The centaur warrior is severely wounded.
You mangle the skeletal warrior!!
The skeletal warrior is almost destroyed.
The centaur warrior hits you.
The centaur warrior kicks you but does no damage.
The skeletal warrior hits you with a +0 halberd! x2
* * * LOW HITPOINT WARNING * * *
The skeletal warrior hits you with a +0 mace!
* * * LOW HITPOINT WARNING * * *
You claw the skeletal warrior!
You destroy the skeletal warrior!
Trog accepts your kill. The centaur warrior barely misses you.
The centaur warrior completely misses you.
You block the skeletal warrior's attack.
The centaur warrior hits you!
* * * LOW HITPOINT WARNING * * *
The centaur warrior kicks you but does no damage.
The skeletal warrior hits you with a +0 mace!
* * * LOW HITPOINT WARNING * * *
You see here a +0 halberd.
You feel a strong urge to attack something.
The skeletal warrior hits you with a +0 halberd.
* * * LOW HITPOINT WARNING * * *
You are no longer berserk.
You are exhausted.
You feel yourself slow down.
The centaur warrior wields a +0 longbow.
The centaur warrior shoots an arrow.
The arrow hits you!
* * * LOW HITPOINT WARNING * * *
The centaur warrior shoots an arrow.
The arrow hits you but does no damage.
The skeletal warrior hits you from afar with a +0 halberd!!
You die...

.........#######.#.#####
..##..##########...#####
..#..## #...............
....## #.......).....>.
..### ###.##......$...
..# # #.)$....... ..#
##.zzc...... ..#
#........... ###
#...@.......
#(...........
#......<......
##.....##.(... #######
#####


You could see 2 skeletal warriors and a centaur warrior.

Vanquished Creatures
  Jorgrun (D:13)
  Frances (D:13)
  The ghost of turdburglar the Blocker, a journeyman GnFi of Gozag (D:13)
  Snorg (D:11)
  Josephine (D:11)
  Erolcha (D:13)
  A boulder beetle (D:13)
  Harold (D:7)
  A hydra (D:14)
  An ogre mage (D:14)
  A centaur warrior (D:13)
  A death knight (D:13)
  Erica (D:9)
  A tengu warrior (D:14)
  8 two-headed ogres
  A thrashing horror (D:10)
  Sonja (D:13)
  4 skeletal warriors
  Pikel (D:9)
  A manticore (D:14)
  7 ugly things
  3 cyclopes
  Maurice (D:8)
  A black mamba (shapeshifter) (D:13)
  A cane toad (shapeshifter) (D:10)
  Maggie (D:9)
  An efreet (D:14)
  A kobold demonologist (D:12)
  An unseen horror (D:10)
  A komodo dragon (D:13)
  A tengu conjurer (D:14)
  A freezing wraith (D:13)
  3 meliai (D:10)
  A polar bear (D:8)
  5 trolls
  2 hornets
  2 slime creatures (D:13)
  2 raiju (D:10)
  A dream sheep (shapeshifter) (D:10)
  A ynoxinul (D:13)
  5 wraiths
  3 shadows
  A wyvern (D:9)
  22 yaks
  4 vampire mosquitoes
  2 steam dragons
  2 small abominations
  3 wargs (D:11)
  Menkaure (D:6)
  The ghost of Jingleheimer the Cudgeller, an amateur TeBe of Trog (D:4)
  4 water moccasins
  A sky beast (D:5)
  10 orc warriors
  An ice beast (D:5)
  3 black bears
  3 necrophages
  8 centaurs
  4 ogres
  A lemure (D:9)
  2 kobold brigands
  Blork the orc (D:4)
  A bullfrog (D:7)
  2 gnoll sergeants (D:8)
  2 scorpions (D:7)
  2 wyvern zombies
  2 water moccasin skeletons
  5 killer bees (D:11)
  A howler monkey (D:8)
  2 electric eels
  A bullfrog zombie (D:7)
  6 centaur zombies
  2 hounds (D:7)
  A bullfrog skeleton (D:6)
  6 orc priests
  3 centaur skeletons
  3 jellies
  Ijyb (D:2)
  A gnoll shaman (D:6)
  2 iguanas
  14 orc wizards
  A centaur simulacrum (D:8)
  Robin (D:4)
  A howler monkey zombie (D:6)
  14 gnolls
  8 adders
  3 shadow imps
  3 white imps (D:8)
  2 worms (D:2)
  3 dart slugs
  38 orcs
  4 endoplasms
  3 giant cockroaches
  27 goblins
  8 hobgoblins
  2 jackals (D:1)
  14 kobolds
  4 quokkas
  7 ball pythons
  4 bats
  6 frilled lizards
  3 rats
362 creatures vanquished.

Vanquished Creatures (others)
  A kobold brigand (D:9)
  A gnoll sergeant (D:9)
  A goblin (D:2)
  A fungus (D:3)
  2 plants
  3 starspawn tentacles (Abyss:1)
  4 toadstools (D:3)
13 creatures vanquished.

Grand Total: 375 creatures vanquished

Notes
Turn   | Place    | Note
-------+----------+-------------------------------------------
     0 | D:1      | sanboga the Troll Berserker began the quest for the Orb.
     0 | D:1      | Reached XP level 1. HP: 22/22 MP: 0/0
    30 | D:1      | Reached XP level 2. HP: 17/29 MP: 1/1
   257 | D:1      | Found a faded altar of an unknown god.
   741 | D:1      | Reached ** piety under Trog
   767 | D:1      | Reached XP level 3. HP: 34/36 MP: 2/2
  1122 | D:2      | Reached skill level 4 in Unarmed Combat
  1190 | D:2      | Reached skill level 1 in Armour
  1215 | D:2      | Noticed Ijyb
  1216 | D:2      | Reached XP level 4. HP: 44/44 MP: 3/3
  1284 | D:2      | Killed Ijyb
  1611 | D:3      | Found an iron altar of Okawaru.
  1727 | D:3      | Found a burning altar of Makhleb.
  2320 | D:3      | Reached XP level 5. HP: 53/53 MP: 4/4
  2381 | D:4      | Found a glowing golden altar of the Shining One.
  2393 | D:4      | Noticed Robin
  2394 | D:4      | Found a snail-covered altar of Cheibriados.
  2418 | D:4      | Reached *** piety under Trog
  2432 | D:4      | Reached skill level 5 in Unarmed Combat
  2444 | D:4      | Killed Robin
  2546 | D:4      | Reached XP level 6. HP: 60/61 MP: 5/5
  2565 | D:4      | Noticed Blork the orc
  2577 | D:4      | Killed Blork the orc
  2663 | D:4      | Found a bloodstained altar of Trog.
  2680 | D:4      | Found a runed translucent door.
  2686 | D:4      | Noticed Jingleheimer's ghost (amateur TeBe)
  3041 | D:4      | Killed Jingleheimer's ghost
  3042 | D:4      | Reached skill level 6 in Unarmed Combat
  3042 | D:4      | Reached XP level 7. HP: 68/68 MP: 6/6
  3102 | D:5      | Entered Level 5 of the Dungeon
  3225 | D:5      | Found a staircase to the Ecumenical Temple.
  3341 | D:5      | Reached skill level 7 in Unarmed Combat
  3449 | D:5      | Reached XP level 8. HP: 69/79 MP: 7/7
  3619 | D:5      | Found a shadowy altar of Dithmenos.
  4013 | D:5      | Reached skill level 5 in Fighting
  4013 | D:5      | Reached skill level 8 in Unarmed Combat
  4076 | D:6      | Found a hide-covered altar of Uskayaw.
  4148 | D:6      | Noticed a hornet
  4156 | D:6      | Killed a hornet
  4346 | D:6      | Noticed Menkaure
  4349 | D:6      | Killed Menkaure
  4349 | D:6      | Reached **** piety under Trog
  4362 | D:6      | Reached XP level 9. HP: 88/88 MP: 8/8
  4406 | D:6      | Reached skill level 9 in Unarmed Combat
  4452 | D:6      | Found a sacrificial altar of Ru.
  4838 | D:7      | Reached skill level 5 in Armour
  4949 | D:7      | Noticed Harold
  4956 | D:7      | Killed Harold
  4957 | D:7      | Reached skill level 10 in Unarmed Combat
  5445 | D:8      | Noticed Maurice
  5454 | D:8      | Killed Maurice
  5455 | D:8      | Reached XP level 10. HP: 94/100 MP: 9/9
  5615 | D:8      | Reached skill level 11 in Unarmed Combat
  5627 | D:8      | Reached ***** piety under Trog
  5698 | D:8      | Cast into level 1 of the Abyss (gnoll sergeant)
  5698 | Abyss:1  | Found a corrupted altar of Lugonu.
  5731 | Abyss:1  | Noticed a tentacled starspawn
  5746 | D:8      | Escaped the Abyss
  6247 | D:9      | Noticed Erica
  6252 | D:9      | Killed Erica
  6253 | D:9      | Reached skill level 12 in Unarmed Combat
  6299 | D:9      | Noticed a cyclops
  6309 | D:9      | Killed a cyclops
  6390 | D:9      | Found a shimmering altar of Xom.
  6395 | D:9      | Reached XP level 11. HP: 109/109 MP: 10/10
  6668 | D:9      | Noticed a two-headed ogre
  6680 | D:9      | Killed a two-headed ogre
  6847 | D:9      | Noticed Pikel
  6856 | D:9      | Killed Pikel
  6969 | D:9      | Noticed Maggie
  6977 | D:9      | Killed Maggie
  7118 | D:10     | Entered Level 10 of the Dungeon
  7123 | D:10     | Reached skill level 13 in Unarmed Combat
  7201 | D:10     | Found a sparkling altar of Nemelex Xobeh.
  7227 | D:10     | Noticed a two-headed ogre
  7237 | D:10     | Killed a two-headed ogre
  7237 | D:10     | Received a gift from Trog
  7648 | D:10     | Found a transporter.
  7650 | D:10     | Noticed a brown ugly thing
  7651 | D:10     | Noticed a brown ugly thing
  7652 | D:10     | Noticed a purple ugly thing
  7938 | D:10     | Found a transporter.
  7939 | D:10     | Noticed a thrashing horror
  7949 | D:10     | Noticed a two-headed ogre
  7956 | D:10     | Killed a two-headed ogre
  8258 | D:10     | Found a corrupted altar of Lugonu.
  8286 | D:10     | Killed a brown ugly thing
  8292 | D:10     | Killed a thrashing horror
  8293 | D:10     | Reached skill level 14 in Unarmed Combat
  8336 | D:10     | Noticed a wolf spider
  8336 | D:10     | a swamp worm changed into a wolf spider
  8461 | D:10     | Noticed a sea snake
  8461 | D:10     | a wolf spider changed into a sea snake
  8494 | D:10     | a sea snake changed into an elephant
  8499 | D:10     | Noticed a death drake
  8499 | D:10     | an elephant changed into a death drake
  8501 | D:10     | Noticed a mana viper
  8501 | D:10     | a death drake changed into a mana viper
  8520 | D:10     | a mana viper changed into a water nymph
  8552 | D:10     | Noticed a shining eye
  8552 | D:10     | a water nymph changed into a shining eye
  8562 | D:10     | a shining eye changed into a redback
  8568 | D:10     | Noticed an orb spider
  8568 | D:10     | a redback changed into an orb spider
  8653 | D:10     | Noticed a deep troll
  8658 | D:10     | a deep troll changed into a torpor snail
  8688 | D:10     | Noticed a swamp dragon
  8688 | D:10     | a merfolk changed into a swamp dragon
  8700 | D:10     | a swamp dragon changed into a dream sheep
  8740 | D:10     | Killed a brown ugly thing
  8745 | D:10     | Reached XP level 12. HP: 68/122 MP: 5/11
  9126 | D:11     | Noticed a two-headed ogre
  9131 | D:11     | Killed a two-headed ogre
  9135 | D:11     | Found a staircase to the Orcish Mines.
  9158 | D:11     | Noticed Snorg
  9163 | D:11     | HP: 6/184 [orc priest/divine providence (10)]
  9169 | D:11     | Found a staircase to the Lair.
  9385 | D:11     | Killed Snorg
  9630 | D:11     | Found Kitan's Book Boutique.
  9663 | D:11     | Noticed Josephine
  9673 | D:11     | Killed Josephine
  9777 | D:12     | Noticed a two-headed ogre
  9778 | D:12     | Noticed a two-headed ogre
  9786 | D:12     | Killed a two-headed ogre
  9787 | D:12     | Reached skill level 15 in Unarmed Combat
  9794 | D:12     | Killed a two-headed ogre
  9874 | D:12     | Noticed a two-headed ogre
  9882 | D:12     | Killed a two-headed ogre
 10574 | D:13     | Found a runed translucent door.
 10574 | D:13     | Noticed turdburglar's ghost (journeyman GnFi)
 10575 | D:13     | Noticed Jorgrun
 10587 | D:13     | Killed Jorgrun
 10642 | D:13     | Killed turdburglar's ghost
 10676 | D:13     | Reached XP level 13. HP: 128/133 MP: 12/12
 10738 | D:13     | Noticed Frances
 10740 | D:13     | Noticed Sonja
 10747 | D:13     | Killed Frances
 10747 | D:13     | Received a gift from Trog
 10751 | D:13     | Killed Sonja
 10752 | D:13     | Reached skill level 16 in Unarmed Combat
 10852 | D:13     | Reached skill level 10 in Fighting
 10900 | D:13     | Noticed Erolcha
 10916 | D:13     | Killed Erolcha
 11492 | D:13     | Found Xuril's Gadget Gallery.
 11955 | D:14     | Reached skill level 10 in Armour
 12233 | D:14     | Reached skill level 17 in Unarmed Combat
 12238 | D:14     | Found a gate to the Vaults.
 12593 | D:14     | HP: 1/135 [centaur warrior/arrow (14)]
 12594 | D:14     | Demolished by a skeletal warrior

Illustrated notes

Levels and vault maps discovered:
D:1:      dpeg_arrival_boxorama, layout_loops_corners,
          ebering_ecumenical_altar_petrified, minmay_pentomino_s2
D:2:      kennysheep_the_goblin_king, layout_rooms
D:3:      layout_basic, old_standard_altar, nicolae_overflow_crystal_walls,
          kennysheep_crisscross, minmay_gold_behind_fungi
D:4:      layout_basic, mainiacjoe_overflow_large_starburst,
          mainiacjoe_overflow_catwalk, ebering_ghost_reflecting_pool,
          uniq_robin, uniq_ijyb, uniq_blork_the_orc
D:5:      layout_basic, grunt_dithmenos_smoke, minmay_temple_entry_trees,
          minmay_stone_trees_medium, kennysheep_generic_room_14
D:6:      layout_loops_ring, lemuel_tele_altar, nicolae_ru_awakened_eye,
          uniq_menkaure
D:7:      layout_rooms, uniq_harold
D:8:      layout_gridville, serial_ice, serial_ice_l, serial_ice_c,
          serial_ice_e, serial_ice_d, uniq_maurice
D:9:      layout_basic, xom_confusion_cloud, lemuel_flamethrower_1, uniq_maggie,
          uniq_pikel, uniq_erica
D:10:     gammafunk_corrupted_shrine, layout_loops_corners,
          amcnicky_altar_gilded, kennysheep_donut
D:11:     layout_small_grid, erik_lair_orcish_takeover, david_orc_3,
          serial_shops, shop, uniq_snorg, uniq_josephine
D:12:     layout_cross, kennysheep_generic_room_16
D:13:     layout_irregular_city, hellmonk_ghost_big_iron, chequers_jeans,
          nicolae_shop_gadgets, uniq_frances, uniq_sonja, uniq_erolcha,
          uniq_jorgrun
D:14:     layout_rooms, hangedman_vaults_entry_quadrant_bands,
          patterned_corridor, minmay_misc_feat_iff, lemuel_flamethrower_3

Skill      XL: |  1  2  3  4  5  6  7  8  9 10 11 12 13 |
---------------+----------------------------------------+-----
Unarmed Combat | 4 5 6 7 8 10 12 14 15 17 | 17.1
Armour         | 1 2 3 4 5 7 8 9 10 | 10.2
Fighting       | 3 4 5 6 7 8 9 10 | 10.6
Dodging        | |  2.5

Action                   |  1- 3 |  4- 6 |  7- 9 | 10-12 | 13-15 || total
-------------------------+-------+-------+-------+-------+-------++-------
Melee: Unarmed           |    96 |   139 |   211 |   523 |   155 ||  1124
       Punch             |     2 |     5 |     6 |    43 |    16 ||    72
       Scimitar          |       |       |       |       |     8 ||     8
Invok: Berserk           |       |     3 |     1 |    15 |     6 ||    25
  Use: Scroll            |       |       |       |    20 |     7 ||    27
       Potion            |       |       |       |     6 |     2 ||     8
Armor: Animal skin       |     4 |       |       |       |       ||     4
       Pearl dragon scal |    29 |   117 |   143 |   341 |    95 ||   725
Dodge: Dodged            |    28 |    47 |    75 |   228 |    51 ||   429
Block: Other             |       |       |       |    71 |    35 ||   106
       Reflection        |       |       |       |     4 |     6 ||    10
